 Dungeon Crawl Stone Soup version 0.29.1-15-g9cfb28693d (webtiles) character file.

Game seed: 43521326817189043

21 protoss039 the Digger (level 2, 0/21 HPs)
             Began as a Demonspawn Earth Elementalist on Mar 13, 2023.
             Slain by a giant cockroach (2 damage)
             ... on level 1 of the Dungeon.
             The game lasted 00:01:02 (741 turns).

protoss039 the Digger (DsEE)                         Turns: 741, Time: 00:01:03

Health: 0/21       AC:  5    Str:  8    XL:     2   Next: 62%
Magic:  0/5        EV: 10    Int: 16    God:
Gold:   23         SH:  4    Dex: 13    Spells: 4/5 levels left

rFire   + . .      SeeInvis .   e - +0 club
rCold   . . .      Faith    .   (no shield)
rNeg    . . .      Spirit   .   d - +0 ring mail
rPois   .          Reflect  .   (no helmet)
rElec   .          Harm     .   (no cloak)
rCorr   .          Rampage  .   (no gloves)
Will    .....                   (no boots)
Stlth   +.........              (no amulet)
HPRegen 0.07/turn               i - ring of protection from fire
MPRegen 0.09/turn               (no ring)

@: very slightly contaminated
A: large bone plates 1
a: no special abilities


You were on level 1 of the Dungeon.
You visited 1 branch of the dungeon, and saw 1 of its levels.

You collected 23 gold pieces.

Inventory:

Hand Weapons
 e - a +0 club (weapon)
Armour
 d - a +0 ring mail (worn)
Jewellery
 i - a ring of protection from fire (left hand)
Scrolls
 c - 3 scrolls of identify {unknown}
 f - a scroll of immolation {unknown}
 g - a scroll of summoning {unknown}
 h - a scroll of blinking {unknown}
Potions
 a - 2 potions of curing {unknown}
 b - a potion of magic


   Skills:
 + Level 1.1 Fighting
 - Level 1.7 Dodging
 - Level 1.7 Stealth
 + Level 2.3 Spellcasting
 - Level 0.8 Transmutations
 + Level 3.0 Earth Magic


You had 4 spell levels left.
You knew the following spells:

 Your Spells              Type           Power      Damage    Failure   Level
a - Sandblast             Erth           22%        2d7       19%         1

Your spell library contained the following spells:

 Spells                   Type           Power      Damage    Failure   Level
 Passwall                 Tmut/Erth      6%         N/A       38%         2
 Stone Arrow              Conj/Erth      12%        3d7       69%         3
 Petrify                  Tmut/Erth      8%         N/A       95%         4


Dungeon Overview and Level Annotations

Branches:
Dungeon (1/15) Zot: 5244

Altars:


Innate Abilities, Weirdness & Mutations

You are partially covered in large bone plates. (SH +4)


Message History

You are too injured to fight recklessly!
You are too injured to fight recklessly!
You closely miss the giant cockroach. You block the giant cockroach's attack.
The dart slug launches a dart at you. The slug dart misses you.
The giant cockroach bites you.
You hit the giant cockroach but do no damage.
The giant cockroach bites you but does no damage.
You block the giant cockroach's attack.
You hit the giant cockroach but do no damage.
The giant cockroach bites you but does no damage.
The dart slug launches a dart at you. The slug dart hits you.
You hit the giant cockroach.
The giant cockroach is heavily wounded.
The giant cockroach closely misses you. The dart slug launches a dart at you.
The slug dart hits you.
* * * LOW HITPOINT WARNING * * *
The giant cockroach bites you but does no damage.
You block the giant cockroach's attack. The dart slug launches a dart at you.
The slug dart hits you.
* * * LOW HITPOINT WARNING * * *
Unknown command.
You block the giant cockroach's attack.
Unknown command.
You barely miss the giant cockroach.
The giant cockroach is heavily wounded.
The giant cockroach barely misses you.
The dart slug bites you but does no damage.
The giant cockroach barely misses you.
Casting: Sandblast (safe; 19% risk of failure)
Confirm with . or Enter, or press ? or * to list all spells.
Aiming: Sandblast (safe; 19% risk of failure)
Press: ? - help, Shift-Dir - straight line, f - dart slug, p - giant cockroach
Aim: a dart slug (100% to hit)
The blast of sand hits the dart slug.
The dart slug is severely wounded.
The giant cockroach bites you.
You die...

..#
#####.#.....♣♣PPP.(.##
..# #.###..P........#
..#
#####'####..P♣....#.....
..#
#........#..PP...#######
..# #........##..P..##
### #........###....#
#........# ######
#........###########
#........'..@w......
#........##B........
#........##.........
#........##....#...#
################ ###


You could see a dart slug and a giant cockroach.

Vanquished Creatures
  2 dart slugs (D:1)
  A ball python (D:1)
  2 bats (D:1)
  An endoplasm (D:1)
  2 giant cockroaches (D:1)
  A goblin (D:1)
  A hobgoblin (D:1)
  2 quokkas (D:1)
  A frilled lizard (D:1)
  A rat (D:1)
14 creatures vanquished.

Notes
Turn   | Place    | Note
-------+----------+-------------------------------------------
     0 | D:1      | protoss039 the Demonspawn Earth Elementalist began the
                  | quest for the Orb.
     0 | D:1      | Reached XP level 1. HP: 13/13 MP: 3/3
   368 | D:1      | Gained mutation: You are partially covered in large bone
                  | plates. (SH +4) [demonic ancestry]
   368 | D:1      | Reached XP level 2. HP: 13/20 MP: 1/5
   407 | D:1      | Reached skill level 1 in Fighting
   551 | D:1      | Reached skill level 3 in Earth Magic
   738 | D:1      | HP: 1/21 [dart slug/slug dart (4)]
   741 | D:1      | Slain by a giant cockroach

Illustrated notes

Levels and vault maps discovered:
D:1:      spicycebolla_arrival_clurvy, layout_basic,
          hellmonk_ecumenical_altar_slurped_away

Skill      XL: |  1  2 |
---------------+-------+-----
Fighting       | 1 |  1.1
Earth Magic    | 3 |  3.0
Dodging        | |  1.7
Stealth        | |  1.7
Spellcasting   | |  2.3
Transmutations | |  0.8

Action                   || total
-------------------------++-------
Melee: Unarmed           ||    15
       Club              ||    13
 Cast: Sandblast         ||    22
Armor: Robe              ||     6
       Ring mail         ||    14
Dodge: Dodged            ||    28
Block: Other             ||     8
